AoeStats
← scoop

Coastal Forest

510294347Analyzed
4v4 RM · 1d ago on Sep 30, 2026· 35m 34s· 8 players
Game mode
Random Map
Map size
Large (8 player)
Population
200
Speed
Normal
Resources
Standard
Victory
Conquest
Starting age
Dark Age
Ending age
Imperial Age
RankedLock teamsTeams togetherTeam positionsShared explorationLock speedFull tech treeHidden civsTurbo modeCheats
Victory
Defeat
🇨🇳 Wu · China
1524
+16
🇹🇼 Bengalis · Taiwan
1511
+16
🇨🇳 Cumans · China
1510
+16
🇨🇳 Bulgarians · China
1483
+26
🇮🇹 Huns · Italy
1551
-17
🇺🇸 Vietnamese · United States
1547
-18
🇹🇼 Dravidians · Taiwan
1491
-15
🇭🇰 Portuguese · Hong Kong SAR China
1484
-15
DT-Johnson【东】
9:13 Feudal Age
9:20 Loom
9:52 Double-Bit Axe
17:54 Fletching
23:53 Padded Archer Armor
23:59 Gold Mining
24:48 Wheelbarrow
30:10 Castle Age
30:13 Crossbowman
30:50 Bodkin Arrow
31:23 Bow Saw
33:20 Gold Shaft Mining
33:55 Hand Cart
34:39 Ballistics
34:00 Treadmill Crane
35:55 Leather Archer Armor
抖音KK
3:19 Loom
11:52 Feudal Age
12:41 Double-Bit Axe
15:27 Castle Age
13:25 Fishing Lines
16:38 Bow Saw
16:44 Medium Warships
17:12 Gillnets
17:23 Fletching
21:00 Wheelbarrow
21:19 Stone Mining
21:20 Gold Mining
22:36 Bodkin Arrow
25:51 Hand Cart
25:17 Horse Collar
26:49 Gold Shaft Mining
31:00 Imperial Age
31:33 Scale Barding Armor
31:39 Forging
32:38 Heavy Warships
31:40 Elite Konnik
32:55 Bloodlines
32:46 Husbandry
34:59 Chain Barding Armor
35:15 Iron Casting
34:44 Heavy Plow
36:10 Plate Barding Armor
逸丶然
6:12 Loom
8:55 Feudal Age
9:36 Double-Bit Axe
10:18 Horse Collar
16:49 Scale Barding Armor
18:33 Forging
19:35 Wheelbarrow
19:53 Gold Mining
23:36 Castle Age
23:10 Bloodlines
25:16 Chain Barding Armor
31:10 Stone Mining
31:52 Bow Saw
31:43 Heavy Plow
34:13 Iron Casting
34:05 Town Watch
yclin124
10:21 Feudal Age
13:37 Wheelbarrow
15:06 Castle Age
13:13 Fishing Lines
13:24 Double-Bit Axe
14:31 Gold Mining
16:05 Bow Saw
16:33 Gold Shaft Mining
17:35 Husbandry
18:30 Scale Barding Armor
18:42 Loom
22:00 Bloodlines
24:03 Chain Barding Armor
29:04 Gillnets
33:46 Forging
scoop
11:06 Feudal Age
14:57 Castle Age
14:15 Gold Mining
14:12 Double-Bit Axe
15:58 Bow Saw
15:30 Horse Collar
16:51 Loom
19:18 Medium Warships
20:50 Wheelbarrow
21:06 Heavy Plow
23:24 Clinker Construction
24:03 Careening
24:56 Demolition Ship
26:21 Hand Cart
26:42 Fletching
28:27 Bodkin Arrow
29:02 Ballistics
32:49 Imperial Age
30:55 Padded Archer Armor
31:35 Scale Mail Armor
32:43 Squires
32:04 Pikeman
33:44 Chain Mail Armor
33:39 Forging
33:27 Elite Fire Lancer
Nogard
5:48 Loom
8:06 Loom
10:24 Feudal Age
16:18 Castle Age
14:33 Double-Bit Axe
15:02 Gold Mining
15:50 Fletching
16:01 Padded Archer Armor
17:01 Horse Collar
19:01 Bow Saw
19:57 Elite Skirmisher
21:52 Ballistics
22:03 Thumb Ring
23:26 Bodkin Arrow
24:33 Leather Archer Armor
27:29 Bloodlines
27:19 Husbandry
30:53 Wheelbarrow
33:50 Gold Shaft Mining
33:50 Stone Mining
34:18 Hand Cart
35:42 Forging
35:37 Scale Barding Armor
大漁哥哥
9:39 Feudal Age
9:43 Man-at-Arms
11:25 Double-Bit Axe
11:26 Loom
18:16 Fletching
19:53 Horse Collar
29:28 Castle Age
29:43 Gold Mining
32:29 Castle Age
33:31 Bow Saw
33:23 Heavy Plow
35:02 Wheelbarrow
king00005
8:37 Loom
10:23 Feudal Age
15:12 Castle Age
14:45 Scale Barding Armor
14:50 Forging
15:09 Bloodlines
18:52 Double-Bit Axe
21:20 Husbandry
24:47 Wheelbarrow
23:59 Horse Collar
27:17 Chain Barding Armor
32:14 Forging
33:01 Hand Cart
32:50 Herbal Medicine
33:40 Gold Mining
34:28 Heavy Plow
35:15 Herbal Medicine
Connection lost

Rejoining the realm…

Still unreachable

The connection could not be restored.

Session expired

The server has moved on; the page needs a fresh start.